 Dungeon Crawl Stone Soup version 0.19.0-9-gfd783f2 (webtiles) character file.

25 tv1990 the Vexing (level 3, -6/27 HPs)
             Began as a Formicid Arcane Marksman on Nov 7, 2016.
             Mangled by Terence
             ... wielding a +0 falchion of holy wrath
              (8 damage)
             ... on level 2 of the Dungeon.
             The game lasted 00:03:14 (1542 turns).

tv1990 the Vexing (Formicid Arcane Marksman)        Turns: 1542, Time: 00:03:15

Health: -6/27      AC:  2    Str: 15    XL:     3   Next: 17%
Magic:  4/4        EV: 12    Int: 12    God:
Gold:   62         SH:  0    Dex: 11    Spells: 1 memorised, 3 levels left

rFire  . . .     SeeInvis +     a - +0 hand crossbow
rCold  . . .     Gourm    .     e - +0 robe
rNeg   + . .     Faith    .     (no shield)
rPois  .         Spirit   .     (helmet unavailable)
rElec  .         Reflect  .     (no cloak)
rCorr  .         Harm     .     (no gloves)
MR     .....                    (no boots)
Stlth  +.........               (no amulet)
                                b - ring of positive energy (curse)
                                (no ring)

@: no status effects
A: permanent stasis, dig shafts and tunnels, four strong arms, antennae 3
a: Dig, Shaft Self


You were on level 2 of the Dungeon.
You were not hungry.

You visited 1 branch of the dungeon, and saw 2 of its levels.

You collected 62 gold pieces.

Inventory:

Hand Weapons
 a - a +0 hand crossbow (weapon)
 h - a +0 mace
Armour
 e - a +0 robe (worn)
Jewellery
 b - a cursed ring of positive energy (right hand)
 g - an uncursed ring of fire
 m - an uncursed ring of resist corrosion {unknown}
Scrolls
 i - a scroll of enchant weapon {unknown}
 j - 5 scrolls of remove curse {unknown}
 k - 3 scrolls of magic mapping {unknown}
 l - 4 scrolls of identify {unknown}
 n - a scroll of recharging {unknown}
Potions
 p - a potion of brilliance {unknown}
 q - a potion of lignification {unknown}
Books
 c - a book of Debilitation

   Spells                             Type                      Level
   a - Corona                         Hexes                        1
   b - Slow                           Hexes                        2
   c - Gell's Gravitas                Hexes/Translocation          3
   d - Inner Flame                    Hexes/Fire                   3
   e - Cause Fear                     Hexes                        4
   f - Leda's Liquefaction            Hexes/Earth                  4
Comestibles
 f - a bread ration
 o - 4 chunks of flesh


   Skills:
 + Level 2.0 Fighting
 * Level 3.0 Crossbows
 - Level 1.7 Dodging
 - Level 1.1 Spellcasting
 - Level 3.6 Hexes


You had 3 spell levels left.
You knew the following spells:

 Your Spells              Type           Power        Failure   Level  Hunger
a - Corona                Hex            #......      10%         1    ##.....


Dungeon Overview and Level Annotations

Branches:
Dungeon (2/15)

Altars:

Annotations:
D:2 Terence


Innate Abilities, Weirdness & Mutations

You are under a permanent stasis effect.
You can dig through walls and to a lower floor.
Your four strong arms can wield two-handed weapons with a shield.
You have a pair of large antennae on your head. (SInv)


Message History

The bolt hits Terence but does no damage.
Terence is almost dead.
Terence closely misses you.
Unknown command.
Firing (i - inventory):
d - 2 bolts (quivered)
Press: ? - help, Shift-Dir - straight line, f/p - Terence
Aim: Terence, wielding a falchion of holy wrath and wearing a shiny ring mail (almost dead)
You shoot a bolt.
The bolt hits Terence but does no damage.
Terence is almost dead.
Terence hits you with a falchion of holy wrath.
* * * LOW HITPOINT WARNING * * *
Firing (i - inventory):
d - a bolt (quivered)
Press: ? - help, Shift-Dir - straight line, f/p - Terence
Aim: Terence, wielding a falchion of holy wrath and wearing a shiny ring mail (almost dead)
You shoot a bolt. The bolt barely misses Terence.
Terence hits you with a falchion of holy wrath.
* * * LOW HITPOINT WARNING * * *
Terence hits you with a falchion of holy wrath!
You die...

####### .$....#
##......## #.........
#.......##
######.#.?..... ####
#......@.......
...#######.####.#@##....
................#(# #
...#######.###..#(#
........##.# #..#.#
#.#.....##.# #..#.#
#.#......... )..#(#
#.#.....##.# #.##(#
#.#.....##.# #.#


You could see Terence.

Vanquished Creatures
  A leopard gecko (D:2)
  3 bats
  A giant cockroach (D:1)
  3 goblins (D:2)
  4 hobgoblins
  3 frilled lizards
  4 kobolds (D:2)
  4 rats
23 creatures vanquished.

Notes
Turn   | Place    | Note
-------+----------+-------------------------------------------
     0 | D:1      | tv1990 the Formicid Arcane Marksman began the quest for the Orb.
     0 | D:1      | Reached XP level 1. HP: 15/15 MP: 2/2
   420 | D:1      | Reached XP level 2. HP: 21/21 MP: 3/3
  1424 | D:2      | Reached XP level 3. HP: 27/27 MP: 4/4
  1528 | D:2      | Noticed Terence
  1542 | D:2      | Mangled by Terence

Skill      XL: |  1  2  3 |
---------------+----------+-----
Crossbows      | 3 |  3.0
Fighting       | 2 |  2.0
Dodging        | |  1.7
Spellcasting   | |  1.1
Hexes          | |  3.6

Action                   || total
-------------------------++-------
Melee: Mace              ||    17
 Fire: Hand crossbow     ||    54
 Abil: Dig               ||     1
  Eat: Chunk             ||     2
Armor: Robe              ||     3
Dodge: Dodged            ||    22

Table legend:
 A = Turns spent in this place as a percentage of turns spent in the entire game.
 B = Non-inter-level travel turns spent in this place as a percentage of non-inter-level travel turns spent in the entire game.
 C = Inter-level travel turns spent in this place as a percentage of turns spent in this place.
 D = Turns resting spent in this place as a percentage of non-inter-level travel turns spent in this place.
 E = Turns spent auto-exploring this place as a percentage of non-inter-level travel turns spent in this place.
 F = Non-inter-level travel turns spent in this place divided by the number of levels of this place that you've seen.
                   A       B       C       D       E      F
               +-------+-------+-------+-------+-------+----------------------
         Total | 100.0 | 100.0 |   0.5 |   2.0 |  32.3 |  99.0
       Dungeon | 100.0 | 100.0 |   0.5 |   2.0 |  32.3 |  99.0
               +-------+-------+-------+-------+-------+----------------------

Table legend:
 A = Kills in this place as a percentage of kills in entire the game.
 B = Kills by you in this place as a percentage of kills by you in the entire game.
 C = Kills by friends in this place as a percentage of kills by friends in the entire game.
 D = Other kills in this place as a percentage of other kills in the entire game.
 E = Experience gained in this place as a percentage of experience gained in the entire game.
 F = Experience gained in this place divided by the number of levels of this place that you have seen.
                   A       B       C       D       E      F
               +-------+-------+-------+-------+-------+----------------------
         Total | 100.0 | 100.0 |  -nan |  -nan | 100.0 |  18.0
       Dungeon | 100.0 | 100.0 |  -nan |  -nan | 100.0 |  18.0
               +-------+-------+-------+-------+-------+----------------------

Vault maps used:
D:1:      sevenhm_arrival_forest_fort_large_4
D:2:      uniq_terence
